 Dungeon Crawl Stone Soup version 0.19.0-9-gfd783f2 (webtiles) character file.

465821 Helmschank the Executioner (level 23, -17/223 HPs)
             Began as a Deep Dwarf Necromancer on Nov 6, 2016.
             Was the Champion of Makhleb.
             Killed from afar by a frost giant (51 damage)
             ... with a bolt of cold
             ... on level 3 of the Depths on Nov 7, 2016.
             The game lasted 08:30:19 (52674 turns).

Helmschank the Executioner (DDNe)                  Turns: 52674, Time: 08:30:20

Health: -17/223    AC: 46    Str: 18    XL:     23   Next: 15%
Magic:  29/29      EV: 23    Int: 19    God:    Makhleb [******]
Gold:   2356       SH: 16    Dex: 18    Spells: 14 memorised, 2 levels left

rFire  + . .     SeeInvis .     F - +6 broad axe (vamp)
rCold  x . .     Gourm    .     I - +27 Lear's hauberk
rNeg   + . .     Faith    .     b - +1 shield {AC+3}
rPois  .         Spirit   .     (helmet currently unavailable)
rElec  .         Reflect  .     C - +1 cloak
rCorr  .         Harm     .     (gloves currently unavailable)
MR     +++..                    (boots currently unavailable)
Stlth  ..........               T - amulet of magic regeneration
                                p - ring of fire
                                i - +6 ring of evasion

@: afraid, very slightly contaminated, non-regenerating
A: damage resistance, recharge devices, talons 1, rugged brown scales 1, thin
skeletal structure 1, clever 1, negative energy resistance 1, sense surroundings
3, slow regeneration 3
a: Device Recharging, Minor Destruction, Lesser Servant of Makhleb, Major
Destruction, Greater Servant of Makhleb, Renounce Religion
}: 3/15 runes: barnacled, silver, gossamer


You were on level 3 of the Depths.
You worshipped Makhleb.
Makhleb was exalted by your worship.
You were hungry.

You visited 8 branches of the dungeon, and saw 40 of its levels.
You also visited: Labyrinth, Sewer and Wizlab.

You collected 6270 gold pieces.
You spent 3914 gold pieces at shops.

Inventory:

Hand Weapons
 A - the +8 mithril axe "Arga" {speed, MR+}
   (You took it off a spriggan berserker on level 2 of the Depths)

   Attacks with this weapon are significantly faster.
   It affects your resistance to hostile enchantments.
 F - a +6 vampiric broad axe (weapon)
Missiles
 N - 53 javelins (quivered)
Armour
 b - a +1 shield of protection (worn)
 C - a +1 cloak (worn)
 I - the +27 Lear's hauberk (worn)
   (You found it on level 5 of the Vaults)
Rods
 r - a +8 rod of inaccuracy (10/10)
   (You took it off a minotaur in a labyrinth)
Jewellery
 a - an uncursed ring of see invisible
 i - a +6 ring of evasion (left hand)
 j - an uncursed ring of protection from magic
 p - a ring of fire (right hand)
 u - an uncursed ring of protection from cold
 B - the ring "Cumnigg" {MR+ Int+2 Dex+7}
   (You found it on level 5 of the Vaults)

   [ring of intelligence]

   It affects your intelligence (+2).
   It affects your dexterity (+7).
   It affects your resistance to hostile enchantments.
 G - an uncursed ring of flight
 T - an amulet of magic regeneration (around neck)
Wands
 h - a wand of lightning (11/15)
 n - a wand of heal wounds (2/9) {!d}
 v - a wand of disintegration (8/24)
 H - a wand of digging (7/24)
 U - a wand of teleportation (6/9)
 W - a wand of iceblast (5/15)
 X - a wand of iceblast (5/15)
Scrolls
 e - 24 scrolls of remove curse
 f - 11 scrolls of identify
 g - 2 scrolls of silence
 q - 6 scrolls of fog
 x - 3 scrolls of summoning
 z - 5 scrolls of magic mapping
 D - 9 scrolls of teleportation
 E - 3 scrolls of enchant armour
 K - 3 scrolls of blinking
 Y - 7 scrolls of fear
Potions
 c - 3 potions of ambrosia
 k - 6 potions of curing
 l - 4 potions of cancellation
 m - 4 potions of flight
 o - a potion of berserk rage
 t - 2 potions of heal wounds
 w - a potion of resistance
 L - 3 potions of brilliance
 O - a potion of haste
 P - 4 potions of magic
 Q - 5 potions of agility
 V - 2 potions of invisibility
Books
 R - a book of Callings

   Spells                             Type                      Level
   a - Summon Small Mammal            Summoning                    1
   b - Call Imp                       Summoning                    2
   c - Call Canine Familiar           Summoning                    3
   d - Summon Guardian Golem          Hexes/Summoning              3
   e - Summon Lightning Spire         Summoning/Air                4
   f - Summon Ice Beast               Ice/Summoning                4
Comestibles
 d - 14 bread rations
 s - 33 meat rations
 J - 2 chunks of flesh
 S - a slice of pizza


   Skills:
 - Level 15.0 Fighting
 - Level 21.0 Axes
 - Level 3.0 Throwing
 - Level 14.2 Armour
 + Level 14.8 Dodging
 - Level 2.6 Stealth
 - Level 17.7 Shields
 - Level 9.0 Spellcasting
 - Level 7.2 Charms
 - Level 14.2 Necromancy
 + Level 6.0 Translocations
 - Level 6.2 Ice Magic
 - Level 4.0 Air Magic
 - Level 11.6 Invocations
 - Level 9.4 Evocations


You had 2 spell levels left.
You knew the following spells:

 Your Spells              Type           Power        Failure   Level  Hunger
a - Recall                Summ/Tloc      N/A          54%         3    None
b - Blink                 Tloc           N/A          10%         2    None
c - Animate Dead          Necr           N/A          1%          4    ###....
d - Sublimation of Blood  Necr           ######....   1%          2    None
e - Dispel Undead         Necr           ######..     6%          5    #####..
f - Control Undead        Necr           ######....   1%          4    ###....
g - Agony                 Necr           ######..     6%          5    #####..
h - Apportation           Tloc           ####......   6%          1    None
v - Vampiric Draining     Necr           ######....   1%          3    None
x - Animate Skeleton      Necr           N/A          1%          1    None
z - Pain                  Necr           ####         1%          1    None
A - Ozocubu's Armour      Chrm/Ice       ####....     14%         3    None
F - Repel Missiles        Chrm/Air       ####..       12%         2    None
S - Swiftness             Chrm/Air       ####....     12%         2    None


Dungeon Overview and Level Annotations

Branches:
Dungeon (15/15)            Temple (1/1) D:7            Lair (6/6) D:11
 Shoals (4/4) Lair:3       Spider (4/4) Lair:3        Slime (0/5) Lair:6
    Orc (2/2) D:12            Elf (0/3) Orc:2        Vaults (5/5) D:13
  Crypt (0/3) Vaults:3     Depths (3/5) D:15

Altars:
Ashenzari
Cheibriados
Dithmenos
Elyvilon
Fedhas
Gozag
Hepliaklqana
Kikubaaqudgha
Makhleb
Nemelex Xobeh
Okawaru
Qazlal
Ru
Sif Muna
Trog
Uskayaw
Vehumet
Xom
Yredelemnul
Zin
The Shining One
Beogh
Jiyva

Shops:
D:10 =[:(   Orc:2 :*[(   Vaults:2 *   Vaults:3 (   Depths:3 *}

Portals:
Hell: Depths:1 Depths:2
Pandemonium: Depths:2 Depths:3


Innate Abilities, Weirdness & Mutations

You are resistant to damage.
You can recharge devices by infusing magical energy.
You resist negative energy. (rN+)
You passively map a large area around you.
You do not regenerate.
You have sharp toenails.
You are partially covered in rugged brown scales. (AC +1, +3% HP)
You have a somewhat thin skeletal structure. (Dex +2, Stealth)
Your mind is acute. (Int +2)


Message History

You claw the glowing orange brain, but do no damage.
The glowing orange brain is severely wounded.
You hit the purple very ugly thing.
You feel better. The purple very ugly thing bites you!!
* * * LOW HITPOINT WARNING * * *
The yaktaur shoots a bolt.
The bolt closely misses you.
You attempt to attack the glowing orange brain, but flinch away in fear!
The purple very ugly thing bites you but does no damage.
Unknown command.
You hit the frost giant.
You feel better.
You claw the frost giant, but do no damage.
The frost giant is lightly wounded.
Your Lear's hauberk prevents you from hitting the purple very ugly thing.
The yaktaur shoots a bolt.
The bolt hits you but does no damage.
Unknown command.
You attempt to attack the glowing orange brain, but flinch away in fear!
You block the purple very ugly thing's attack.
The frost giant gestures at you while chanting.
The bolt of cold hits you!
You feel a terrible chill!
You die...

, ............## ,, , #..
.........##......##......,
,*#.
.................#....≈≈≈≈≈ ,
#. ..............<.##...C≈#
≈≈, ##
..........≈.....#....≈#*, #≈.
# ..........≈.....#...≈≈#
..,#≈≈. #
...............##c..≈# .C.
*#⌠.##
............ZZ.#.u..≈#....
,##..#
............ZZ##@Cc.≈#...D,
'....
........)....###.G..≈#uD.
+....
........)..ZZ..#....≈#ug.,
+.... #.#.....)...#ZZ#(...≈#
,. ##..#
#.#...).)>..##.##...≈## ,,
#⌠.##
#.#..)(.....#.#.#...≈≈#, #≈≈.
# ..#...).#......##..^.≈##
,*#≈. ,#
..#...∩.#####..###...≈≈####≈≈
## ..#.((...#
#....#....≈≈≈≈≈≈ ,,#.


You could see a frost giant, 2 very ugly things, a fire dragon, a purple ugly
thing, an ettin, a glowing orange brain, 2 yaktaurs and a boggart.

Vanquished Creatures
  A juggernaut (Depths:2)
  Sojobo (Vaults:1)
  Saint Roka (Vaults:4)
  Bai Suzhen (Depths:3)
  4 golden dragons
  The ghost of toastedzergling the Slayer, a veteran GrBe of Trog (Vaults:5)
  A bone dragon (Depths:2)
  A lich (Vaults:5)
  Jorgrun (Depths:1)
  2 tentacled monstrosities (Vaults:5)
  4 titans (Vaults:5)
  A quicksilver dragon (Depths:2)
  An Executioner (Depths:1)
  3 sphinxes
  Agnes (Spider:3)
  A kraken (Shoals:4)
  Kirke (Shoals:1)
  3 storm dragons
  A shadow dragon (Vaults:5)
  7 tengu reavers
  4 fire giants
  2 frost giants (Vaults:5)
  16 vault wardens
  4 ghost moths (Spider:4)
  A balrug (Depths:2)
  An iron dragon (Vaults:5)
  3 deep elf sorcerers
  A ghost moth (shapeshifter) (WizLab)
  4 emperor scorpions
  An orc warlord (Orc:1)
  16 ironheart preservers
  2 deep elf elementalists (Vaults:5)
  18 very ugly things
  13 stone giants
  3 entropy weavers
  2 vampire knights
  The ghost of mg7810 the Severer, a journeyman HOFi of Ashenzari (Orc:2)
  Nessos (D:12)
  5 spark wasps (Depths:2)
  7 ettins
  A deep elf death mage (Vaults:4)
  8 fire dragons
  A blizzard demon (Depths:2)
  Josephine (D:12)
  The ghost of jasper the Severer, a journeyman DDGl of Makhleb (D:11)
  4 merfolk javelineers
  9 merfolk impalers
  5 deep elf high priests
  A minotaur (Lab)
  10 yaktaur captains
  7 ice dragons
  Erolcha (Orc:2)
  3 great orbs of eyes
  4 hydras
  7 rakshasas
  28 vault guards
  A spriggan air mage (Depths:2)
  6 merfolk avatars
  Erica (D:9)
  13 centaur warriors
  An alligator snapping turtle (Shoals:1)
  14 ogre magi
  3 merfolk aquamancers
  A queen ant (Lair:2)
  4 satyrs
  7 deep troll earth magi
  9 death yaks
  A vampire mage (Depths:2)
  12 tengu warriors
  A spriggan (Depths:3)
  3 soul eaters (Depths:2)
  2 hell knights (Depths:3)
  9 spriggan berserkers
  An orc high priest (Orc:2)
  4 deep elf knights
  2 sun demons (Depths:2)
  An iron golem (WizLab)
  Sonja (D:14)
  3 skeletal warriors
  4 shadow wraiths
  3 fire crabs (shapeshifter)
  8 deep trolls
  An unseen horror (shapeshifter) (Vaults:4)
  2 unseen horrors
  4 sea snakes
  2 quicksilver dragon simulacra (Depths:2)
  2 glowing orange brains (Depths:2)
  2 wizards
  12 ironbrand convokers
  A shadow dragon zombie (Depths:3)
  6 hill giants
  4 harpies
  5 deep elf archers
  14 orc knights
  A phantasmal warrior (Vaults:5)
  14 wolf spiders
  23 fauns
  8 cyclopes
  3 necromancers (Depths:3)
  A wolf spider (shapeshifter) (Vaults:5)
  10 manticores
  10 orb spiders
  A shining eye (shapeshifter) (Vaults:5)
  7 deep elf magi
  6 orc sorcerers
  2 oklob plants (D:11)
  An elephant (shapeshifter) (WizLab)
  A salamander (shapeshifter) (WizLab)
  41 ugly things
  A tengu skeleton (Depths:3)
  6 sirens
  13 vault sentinels
  4 elephants
  A stone giant skeleton (Vaults:3)
  An ice statue (Depths:2)
  6 rust devils (Depths:2)
  Psyche (D:8)
  2 black mambas (shapeshifter)
  An orc zombie (Vaults:3)
  5 black mambas
  3 centaur zombies
  A moth of wrath (shapeshifter) (Vaults:5)
  3 water nymphs
  2 gargoyles
  A torpor snail (Spider:4)
  An elf skeleton (Depths:3)
  2 kobold demonologists (D:13)
  3 centaur skeletons
  2 efreet (Depths:2)
  2 rime drakes (Lair:6)
  6 spiny frogs
  8 demonic crawlers
  52 yaktaurs
  A rime drake (shapeshifter) (WizLab)
  3 komodo dragons
  2 elves (WizLab)
  6 freezing wraiths
  2 tengu conjurers
  3 red devils (Depths:2)
  2 yaktaurs (shapeshifter)
  3 polar bears
  A meliai (shapeshifter) (WizLab)
  A queen bee (shapeshifter) (WizLab)
  A meliai (Spider:4)
  2 trolls (shapeshifter) (WizLab)
  27 jumping spiders
  19 two-headed ogres
  2 polar bears (shapeshifter)
  17 hornets
  8 trolls
  20 merfolk
  Grinder (D:5)
  A jumping spider (shapeshifter) (WizLab)
  2 queen bees
  3 wind drakes
  A hornet (shapeshifter) (WizLab)
  2 two-headed ogres (shapeshifter)
  23 slime creatures
  8 dream sheep
  A blink frog (shapeshifter) (WizLab)
  9 blink frogs
  A hippogriff (shapeshifter) (WizLab)
  2 snapping turtles
  A fire giant simulacrum (Depths:3)
  9 hippogriffs
  2 flying skulls (Depths:2)
  3 spriggans (shapeshifter)
  6 wraiths
  3 shadows
  A tarantella (shapeshifter) (Vaults:5)
  46 redbacks
  6 hogs
  10 water elementals
  A vampire (D:11)
  5 large abominations (WizLab)
  36 tarantellas
  4 wyverns
  A wyvern (shapeshifter) (WizLab)
  2 basilisks
  46 yaks
  Grum (D:9)
  A hog (shapeshifter) (Vaults:2)
  A golden eye (shapeshifter) (WizLab)
  5 humans
  3 hungry ghosts
  A fire bat (shapeshifter) (D:15)
  3 vampire mosquitoes
  5 wargs
  Menkaure (D:5)
  5 mottled dragons
  6 soldier ants
  2 hell hounds (Depths:2)
  4 water moccasins
  4 floating eyes (WizLab)
  7 porcupines
  45 orc warriors
  A sky beast (shapeshifter) (WizLab)
  3 ettin simulacra (Depths:2)
  A hornet zombie (D:11)
  A black bear (D:11)
  4 ice beasts
  An eye of draining (D:12)
  56 ogres
  3 sky beasts
  A tengu (shapeshifter) (WizLab)
  A black bear (shapeshifter) (WizLab)
  3 eyes of draining (shapeshifter) (WizLab)
  A necrophage (D:11)
  2 phantoms
  A boggart (shapeshifter) (WizLab)
  7 boggarts
  A wolf (shapeshifter) (Vaults:1)
  11 small abominations
  8 wolves
  46 centaurs
  A crocodile (shapeshifter) (Vaults:3)
  12 crocodiles
  6 big kobolds
  Blork the orc (D:5)
  19 bullfrogs
  9 scorpions
  3 human simulacra
  40 killer bees
  2 howler monkeys
  6 crimson imps
  2 bullfrog zombies
  5 hounds
  4 jellies
  14 orc priests
  4 bullfrog skeletons
  A gnoll shaman (D:5)
  7 iguanas
  15 orc wizards
  19 worker ants
  2 hound skeletons
  8 gnolls (D:5)
  22 adders
  2 river rats
  3 shadow imps
  2 oozes
  2 adder skeletons
  8 leopard geckos
  89 orcs
  9 giant cockroaches
  5 goblins
  13 hobgoblins
  6 jackals
  3 quokkas
  4 ball pythons
  8 bats
  7 frilled lizards
  23 kobolds
  4 quokka skeletons
  A quokka zombie (D:8)
  7 rats
  9 fungi
  20 plants
  A tentacle (Shoals:4)
1689 creatures vanquished.

Vanquished Creatures (collateral kills)
  2 golden dragons (Vaults:5)
  A mutant beast (WizLab)
  A lich (Vaults:5)
  A tentacled monstrosity (Vaults:5)
  A titan (Vaults:5)
  2 sphinxes (Depths:3)
  2 shadow dragons
  A tengu reaver (Depths:2)
  Ilsuiw (Shoals:4)
  A fire giant (Depths:2)
  A deep elf sorcerer (Vaults:3)
  3 vault wardens
  An emperor scorpion (Spider:2)
  A ghost moth (Spider:4)
  A war gargoyle (Depths:2)
  3 ironheart preservers
  5 stone giants
  A very ugly thing (Vaults:4)
  A spriggan defender (Depths:3)
  2 spark wasps (Depths:2)
  5 merfolk javelineers
  2 ettins
  A deep elf death mage (Vaults:5)
  2 merfolk impalers (Shoals:4)
  4 ogre magi
  A small abomination (Vaults:5)
  2 fire dragons
  7 yaktaur captains
  A great orb of eyes (Depths:2)
  2 ice dragons
  4 hydras
  11 vault guards (Vaults:5)
  An alligator snapping turtle (Shoals:4)
  4 death knights
  A merfolk avatar (Shoals:3)
  2 merfolk aquamancers (Shoals:4)
  A dancing weapon (Vaults:5)
  2 satyrs (Shoals:4)
  3 tengu warriors
  2 death yaks (Lair:5)
  An orc high priest (Orc:1)
  3 hell knights (Depths:3)
  3 skeletal warriors
  A sun demon (Depths:2)
  A fire crab (shapeshifter) (WizLab)
  5 sea snakes
  A storm dragon skeleton (Vaults:3)
  A deep troll (Depths:1)
  2 large abominations (WizLab)
  5 deep elf magi
  A deep elf archer (Vaults:1)
  3 phantasmal warriors (Vaults:5)
  A wolf spider zombie (D:13)
  An ironbrand convoker (Vaults:3)
  An orb spider (Spider:4)
  3 hill giants
  A necromancer (Vaults:3)
  2 orc knights (Vaults:3)
  5 fauns
  14 wolf spiders
  An iron dragon zombie (Depths:3)
  2 ugly things
  A frost giant zombie (Vaults:3)
  A cyclops (shapeshifter) (WizLab)
  A cyclops (Vaults:1)
  6 manticores
  An orc sorcerer (Vaults:4)
  2 rust devils (Depths:2)
  4 sirens
  A water nymph (Shoals:2)
  4 elephants
  A black mamba (Lair:6)
  2 vault sentinels
  2 spiny frogs (Lair:6)
  2 gargoyles
  2 torpor snails
  A centaur skeleton (D:15)
  2 freezing wraiths
  An ice devil (Depths:2)
  An efreet (Depths:2)
  2 demonic crawlers (Spider:3)
  2 rime drakes (Lair:6)
  A komodo dragon (shapeshifter) (WizLab)
  3 tengu conjurers
  3 komodo dragons
  12 yaktaurs
  9 merfolk
  2 trolls
  3 wind drakes
  2 meliai (Spider:4)
  3 hornets
  4 polar bears (Lair:6)
  8 jumping spiders
  2 slime creatures
  5 two-headed ogres
  2 blink frogs (Lair:5)
  A blink frog (shapeshifter) (Depths:1)
  2 raiju (shapeshifter)
  2 snapping turtles
  A hippogriff (Lair:2)
  A human simulacrum (Vaults:2)
  2 dream sheep
  A hippogriff (shapeshifter) (WizLab)
  2 wyverns
  2 wraiths (Depths:2)
  6 water elementals
  43 redbacks
  5 tarantellas
  A yak (shapeshifter) (Depths:3)
  9 yaks
  A fire bat (shapeshifter) (WizLab)
  A basilisk (Lair:6)
  A vampire mosquito (D:12)
  A warg (Vaults:3)
  A soldier ant (shapeshifter) (WizLab)
  A porcupine (Lair:3)
  4 water moccasins
  4 orc warriors
  An ice beast (D:13)
  An ettin simulacrum (Depths:2)
  5 ogres
  2 boggarts
  4 centaurs
  6 crocodiles
  6 bullfrogs
  9 killer bees
  A howler monkey (D:8)
  An electric eel (Lair:3)
  2 crimson imps
  A bullfrog zombie (D:8)
  A centaur zombie (D:8)
  A bullfrog skeleton (D:8)
  A jelly (D:11)
  An orc wizard (Vaults:3)
  2 iguanas
  A worker ant (D:13)
  A hound skeleton (D:9)
  2 adders (D:4)
  A leopard gecko (Sewer)
  13 orcs
  A ball python (Sewer)
  2 giant cockroaches (Sewer)
  A goblin (D:2)
  4 kobolds (D:11)
  A rat (D:3)
  2 crawling corpses (Vaults:5)
  4 fungi
  8 plants
424 creatures vanquished.

Vanquished Creatures (others)
  Nikola (Shoals:3)
  A hydra (shapeshifter) (Vaults:5)
  A merfolk aquamancer (Shoals:2)
  A tengu warrior (Depths:2)
  A shadow wraith (Vaults:2)
  A yaktaur (Vaults:3)
  2 water elementals
  A redback (Spider:4)
  3 hogs (Shoals:1)
  A boggart (Vaults:1)
  2 butterflies (Lair:6)
  13 fungi
  57 plants
  24 tentacles (Shoals:4)
109 creatures vanquished.

Grand Total: 2222 creatures vanquished

Notes
Turn   | Place    | Note
-------+----------+-------------------------------------------
     0 | D:1      | Helmschank the Deep Dwarf Necromancer began the quest for the Orb.
     0 | D:1      | Reached XP level 1. HP: 15/15 MP: 3/3
   112 | D:1      | Learned a level 1 spell: Animate Skeleton
   221 | D:1      | Reached XP level 2. HP: 17/22 MP: 1/4
  1095 | D:2      | Reached skill level 1 in Axes
  1112 | D:2      | Reached XP level 3. HP: 18/28 MP: 0/5
  1279 | D:2      | Reached skill level 5 in Necromancy
  1485 | D:2      | Reached skill level 2 in Axes
  1620 | D:2      | Found a snail-covered altar of Cheibriados.
  1620 | D:2      | Found a faded altar of an unknown god.
  1625 | D:2      | Found a faded altar of an unknown god.
  1628 | D:2      | Found a sparkling altar of Nemelex Xobeh.
  1629 | D:2      | Found a glowing silver altar of Zin.
  1792 | D:3      | Reached XP level 4. HP: 20/36 MP: 1/6
  1806 | D:3      | Found a shadowy altar of Dithmenos.
  1957 | D:3      | Found a glowing golden altar of the Shining One.
  2025 | D:3      | Found a faded altar of an unknown god.
  2091 | D:3      | Reached skill level 3 in Axes
  2148 | D:3      | Learned a level 3 spell: Vampiric Draining
  2808 | D:4      | Reached skill level 4 in Axes
  2808 | D:4      | Reached XP level 5. HP: 28/42 MP: 0/7
  2895 | D:4      | Reached skill level 1 in Evocations
  3063 | D:4      | Found a glowing drain.
  3092 | Sewer    | Entered a sewer
  3663 | Sewer    | Reached skill level 5 in Axes
  3663 | Sewer    | Reached XP level 6. HP: 31/49 MP: 0/8
  3666 | Sewer    | Got an ichor-stained leather armour
  3689 | Sewer    | Identified the cursed +0 leather armour "Woigeydd" {rC+ rN+} (You found it in a sewer)
  4436 | D:4      | Reached skill level 6 in Axes
  4484 | D:4      | Reached skill level 1 in Armour
  4569 | D:4      | Found a sparkling altar of Nemelex Xobeh.
  4588 | D:4      | Reached XP level 7. HP: 44/55 MP: 2/9
  4918 | D:5      | Entered Level 5 of the Dungeon
  5346 | D:5      | Reached skill level 1 in Fighting
  5593 | D:5      | Found a shattered altar of Ashenzari.
  5594 | D:5      | Noticed Grinder
  5607 | D:5      | Killed Grinder
  5639 | D:5      | Noticed Blork the orc
  5655 | D:5      | Killed Blork the orc
  5655 | D:5      | Reached XP level 8. HP: 35/69 MP: 1/10
  5695 | D:5      | Reached skill level 7 in Axes
  6005 | D:5      | Noticed Menkaure
  6020 | D:5      | Killed Menkaure
  6049 | D:5      | Reached skill level 8 in Axes
  6623 | D:5      | Found a shattered altar of Ashenzari.
  6623 | D:5      | Found a hazy altar of Hepliaklqana.
  6780 | D:6      | Found a radiant altar of Vehumet.
  6880 | D:6      | Reached skill level 9 in Axes
  7026 | D:6      | Got a blackened scale mail
  7038 | D:6      | Identified the +3 scale mail of Truth {rElec rF+ rC++ Int-3} (You found it on level 6 of the Dungeon)
  7474 | D:7      | Noticed a hippogriff
  7521 | D:7      | Killed a hippogriff
  7620 | D:7      | Gained mutation: You passively map the area around you. [Deep Dwarf growth]
  7620 | D:7      | Reached XP level 9. HP: 23/79 MP: 11/11
  7630 | D:7      | Reached skill level 5 in Fighting
  8164 | D:7      | Found a staircase to the Ecumenical Temple.
  8173 | Temple   | Entered the Ecumenical Temple
  8262 | Temple   | Became a worshipper of Makhleb the Destroyer
  8519 | D:7      | Reached skill level 5 in Dodging
  8838 | D:7      | Found an iron altar of Okawaru.
  8970 | D:7      | Identified the Tome of Enhancements and Displacement
  8985 | D:7      | Learned a level 4 spell: Control Undead
  9150 | D:8      | Found a snail-covered altar of Cheibriados.
  9168 | D:8      | Reached skill level 5 in Evocations
  9198 | D:8      | Reached skill level 1 in Invocations
  9198 | D:8      | Reached XP level 10. HP: 81/92 MP: 13/13
  9489 | D:8      | Noticed Psyche
  9505 | D:8      | Killed Psyche
  9505 | D:8      | Reached * piety under Makhleb
  9658 | D:8      | Reached skill level 5 in Invocations
  9799 | D:9      | Noticed Erica
  9838 | D:9      | Killed Erica
 10127 | D:9      | Reached skill level 10 in Axes
 10341 | D:9      | Noticed Grum
 10550 | D:9      | Killed Grum
 10774 | D:10     | Entered Level 10 of the Dungeon
 10789 | D:10     | Found Xurutyg's Antique Weapon Emporium.
 10953 | D:10     | Noticed a hill giant
 10961 | D:10     | Killed a hill giant
 10961 | D:10     | Reached skill level 11 in Axes
 11035 | D:10     | Reached ** piety under Makhleb
 11117 | D:10     | Found Nauz's Book Shop.
 11121 | D:10     | Found Ytuhoe's Armour Boutique.
 11121 | D:10     | Noticed a gargoyle
 11125 | D:10     | Bought a book of Minor Magic for 200 gold pieces
 11146 | D:10     | Killed a gargoyle
 11189 | D:10     | Bought a +2 buckler for 231 gold pieces
 11328 | D:10     | Reached skill level 1 in Shields
 11411 | D:10     | Found Mukes's Jewellery Shoppe.
 11420 | D:10     | Bought a cursed amulet of inaccuracy for 28 gold pieces
 11684 | D:11     | Noticed an elephant
 11684 | D:11     | Found a staircase to the Lair.
 11695 | D:11     | Killed an elephant
 11695 | D:11     | Reached XP level 11. HP: 89/98 MP: 6/15
 12037 | D:11     | Reached skill level 5 in Shields
 12160 | D:11     | Reached *** piety under Makhleb
 12313 | D:11     | Noticed an oklob plant
 12489 | D:11     | Learned a level 2 spell: Blink
 12492 | D:11     | Learned a level 2 spell: Repel Missiles
 12499 | D:11     | Noticed jasper's ghost (journeyman DDGl)
 12499 | D:11     | Reached skill level 1 in Translocations
 12542 | D:11     | Killed jasper's ghost
 12575 | D:11     | Noticed an oklob plant
 12825 | D:11     | Reached skill level 1 in Charms
 13209 | D:11     | Reached **** piety under Makhleb
 13356 | D:11     | Reached skill level 1 in Air Magic
 13509 | D:11     | Killed an oklob plant
 13509 | D:11     | Killed an oklob plant
 13514 | D:11     | Noticed a wizard
 13540 | D:11     | Killed a wizard
 13574 | D:11     | Killed an unseen horror
 13574 | D:11     | Reached XP level 12. HP: 63/109 MP: 16/16
 14094 | D:12     | Reached skill level 12 in Axes
 14095 | D:12     | Found a staircase to the Orcish Mines.
 14113 | D:12     | Found a roughly hewn altar of Beogh.
 14303 | D:12     | Noticed Nessos
 14356 | D:12     | Killed Nessos
 14412 | D:12     | Noticed Josephine
 14439 | D:12     | Killed Josephine
 14783 | D:12     | Noticed a four-headed hydra
 14792 | D:12     | Killed a four-headed hydra
 14792 | D:12     | Reached skill level 13 in Axes
 14941 | D:12     | Reached ***** piety under Makhleb
 15805 | Lair:1   | Entered Level 1 of the Lair of Beasts
 16633 | Lair:2   | Reached skill level 14 in Axes
 16844 | Lair:2   | Noticed a queen ant
 16860 | Lair:2   | Killed a queen ant
 17064 | Lair:2   | Reached XP level 13. HP: 121/121 MP: 18/18
 17677 | Lair:3   | Found a staircase to the Shoals.
 17872 | Lair:3   | Found a hole to the Spider Nest.
 19122 | Lair:5   | Found a labyrinth entrance.
 19149 | Lab      | Entered a labyrinth
 19491 | Lab      | Noticed a minotaur
 19514 | Lab      | Killed a minotaur
 19552 | Lair:5   | Identified a +8 rod of inaccuracy (4/10) (You took it off a minotaur in a labyrinth)
 19588 | Lair:5   | Learned a level 1 spell: Apportation
 20374 | Lair:5   | Reached ****** piety under Makhleb
 20581 | Lair:5   | Got an ancient scale mail
 20772 | Lair:5   | Identified the cursed +0 scale mail of the Wheelwright {-Tele Str+4 Int+3 SInv} (You found it on level 5 of the Lair of Beasts)
 20800 | Lair:6   | Entered Level 6 of the Lair of Beasts
 20958 | Lair:6   | Gained mutation: You resist negative energy. (rN+) [Deep Dwarf growth]
 20958 | Lair:6   | Reached XP level 14. HP: 71/129 MP: 16/19
 21068 | Lair:6   | Reached skill level 15 in Axes
 21557 | Lair:6   | Got an ichor-stained great mace
 21661 | Lair:6   | Found a viscous altar of Jiyva.
 21661 | Lair:6   | Found a staircase to the Slime Pits.
 21704 | Lair:6   | Gained mutation: You have sharp toenails. [potion of beneficial mutation]
 22255 | Lair:4   | Reached skill level 16 in Axes
 22358 | Lair:1   | Identified the +9 great mace "Ofefi" {freeze, rPois Str+2 Int+3 Dex+2} (You found it on level 6 of the Lair of Beasts)
 22429 | Orc:1    | Entered Level 1 of the Orcish Mines
 22429 | Orc:1    | Noticed a stone giant
 22447 | Orc:1    | Killed a stone giant
 22526 | Orc:2    | Entered Level 2 of the Orcish Mines
 22531 | Orc:2    | Found Sush's Book Shop.
 22535 | Orc:2    | Noticed mg7810's ghost (journeyman HOFi)
 23201 | D:13     | Found a gate to the Vaults.
 23310 | D:13     | Reached skill level 10 in Fighting
 23310 | D:13     | Reached skill level 17 in Axes
 23556 | D:13     | Reached XP level 15. HP: 138/138 MP: 20/20
 23724 | D:13     | Reached skill level 10 in Dodging
 24482 | D:14     | Found an opulent altar of Gozag.
 24568 | D:14     | Noticed Sonja
 24580 | D:14     | Killed Sonja
 25215 | Orc:2    | Killed mg7810's ghost
 25562 | D:10     | Bought a book of Frost for 350 gold pieces
 25562 | D:10     | Bought a book of Burglary for 750 gold pieces
 25566 | D:10     | Learned a level 3 spell: Ozocubu's Armour
 25569 | D:10     | Learned a level 2 spell: Swiftness
 25755 | Orc:2    | Noticed an orc warlord
 25806 | Orc:1    | Killed an orc warlord
 25806 | Orc:1    | Reached skill level 1 in Ice Magic
 25925 | Orc:2    | Found Daoqaqaiw's General Store.
 26031 | Orc:2    | Bought a potion of heal wounds for 75 gold pieces
 26117 | Orc:2    | Found a staircase to the Elven Halls.
 26136 | Orc:2    | Found Puniaraki's Antique Weapon Shoppe.
 26161 | Orc:2    | Bought a runed broad axe for 350 gold pieces
 26181 | Orc:2    | Found Ufanero's Antique Armour Boutique.
 26331 | Orc:2    | Noticed Erolcha
 26346 | Orc:2    | Killed Erolcha
 26916 | Spider:1 | Entered Level 1 of the Spider Nest
 28506 | Spider:2 | Reached skill level 5 in Spellcasting
 28530 | Spider:2 | Learned a level 4 spell: Animate Dead
 28874 | Spider:2 | Reached skill level 5 in Armour
 29290 | Spider:2 | Got a jade-encrusted ring mail
 29301 | Spider:2 | Identified the cursed +1 ring mail of Tiwial {Stlth+} (You found it on level 2 of the Spider Nest)
 29591 | Spider:3 | Reached XP level 16. HP: 139/146 MP: 22/22
 29685 | Spider:3 | Noticed Agnes
 29695 | Spider:3 | Killed Agnes
 29927 | Spider:3 | Learned a level 2 spell: Sublimation of Blood
 30387 | Spider:4 | Entered Level 4 of the Spider Nest
 30586 | Spider:4 | Reached skill level 18 in Axes
 30808 | Spider:4 | Reached skill level 10 in Invocations
 31319 | Spider:4 | Reached skill level 19 in Axes
 31384 | Spider:4 | Got a gossamer rune of Zot
 32057 | Orc:2    | Bought a pair of embroidered gloves for 252 gold pieces
 32057 | Orc:2    | Bought a dyed leather armour for 192 gold pieces
 32057 | Orc:2    | Bought a pair of steaming gloves for 228 gold pieces
 32086 | Orc:2    | Identified the cursed +0 pair of gloves "Soonaku" {rCorr Int+3} (You bought it in a shop on level 2 of the Orcish Mines)
 32333 | D:15     | Entered Level 15 of the Dungeon
 32535 | D:15     | Found a sacrificial altar of Ru.
 32542 | D:15     | Reached skill level 5 in Charms
 32743 | D:15     | Reached XP level 17. HP: 153/153 MP: 24/24
 32754 | D:15     | Found a stormy altar of Qazlal.
 33064 | D:15     | Found a staircase to the Depths.
 33291 | Shoals:1 | Entered Level 1 of the Shoals
 33549 | Shoals:1 | You are sucked into a shaft!
 34596 | Orc:2    | Bought a scroll of identify for 30 gold pieces
 34596 | Orc:2    | Bought a scroll of identify for 30 gold pieces
 34596 | Orc:2    | Bought a scroll of identify for 30 gold pieces
 34596 | Orc:2    | Bought a scroll of teleportation for 45 gold pieces
 34855 | Shoals:1 | Noticed Kirke
 34877 | Shoals:1 | Killed Kirke
 35853 | Shoals:3 | Reached skill level 1 in Throwing
 36017 | Shoals:3 | Noticed Nikola
 36039 | Shoals:3 | Killed Nikola
 36103 | Shoals:3 | Gained mutation: You are partially covered in rugged brown scales. (AC +1, +3% HP) [potion of beneficial mutation]
 36595 | Shoals:4 | Entered Level 4 of the Shoals
 36768 | Shoals:4 | Noticed Ilsuiw
 36790 | Shoals:4 | Killed Ilsuiw
 36809 | Shoals:4 | Gained mutation: You passively map a large area around you. [Deep Dwarf growth]
 36809 | Shoals:4 | Reached XP level 18. HP: 53/173 MP: 26/26
 36825 | Shoals:4 | Got a barnacled rune of Zot
 37223 | Shoals:4 | Identified the Volume of Floating Fascination
 37596 | Vaults:1 | Entered Level 1 of the Vaults
 37603 | Vaults:1 | Identified Miliad Jaor's Reference Book on Venom and the Blaze
 38347 | Vaults:1 | Reached skill level 20 in Axes
 38378 | Vaults:1 | Identified a scroll of acquirement
 38379 | Vaults:1 | Got an ancient turquoise ring
 38380 | Vaults:1 | Identified the ring of the Genius {Ice MP-9 Str+4} (You acquired it on level 1 of the Vaults)
 39035 | Vaults:2 | Noticed Sojobo
 39071 | Vaults:1 | Killed Sojobo
 39620 | Vaults:2 | Found a magical portal.
 39648 | WizLab   | Entered Cigotuvi's Fleshworks
 40169 | WizLab   | Identified Cigotuvi's Compendium of Changing and Dark Rites
 40327 | WizLab   | Reached XP level 19. HP: 180/180 MP: 16/26
 40376 | WizLab   | Paralysed by a floating eye for 3 turns
 40389 | WizLab   | Paralysed by a floating eye for 2 turns
 40392 | WizLab   | Paralysed by a floating eye for 4 turns
 40401 | WizLab   | Paralysed by a floating eye for 2 turns
 40405 | WizLab   | Paralysed by a floating eye for 4 turns
 40414 | WizLab   | Paralysed by a floating eye for 2 turns
 40424 | WizLab   | Paralysed by a floating eye for 4 turns
 40439 | WizLab   | Paralysed by a floating eye for 4 turns
 40454 | WizLab   | Paralysed by a floating eye for 2 turns
 40501 | WizLab   | Got a transparent garnet amulet
 40502 | WizLab   | Identified the amulet of Niruqem {Spirit SInv} (You found it in a wizard's laboratory)
 40621 | WizLab   | Gained mutation: Your mind is acute. (Int +2) [potion of beneficial mutation]
 40622 | WizLab   | Gained mutation: You have a somewhat thin skeletal structure. (Dex +2, Stealth) [potion of beneficial mutation]
 41122 | Vaults:2 | Found Kikhleleo's General Store.
 41131 | Vaults:2 | Bought a potion of curing for 66 gold pieces
 41131 | Vaults:2 | Bought a scroll of fear for 77 gold pieces
 41211 | Vaults:2 | Reached skill level 10 in Shields
 43081 | Vaults:3 | Found Iqolih's Weapon Shop.
 43547 | Vaults:3 | Found a staircase to the Crypt.
 44120 | Vaults:4 | Reached XP level 20. HP: 195/195 MP: 27/27
 44434 | Vaults:4 | Noticed Saint Roka
 44459 | Vaults:4 | Killed Saint Roka
 44754 | Vaults:4 | Got a smoking war axe {antimagic}
 44755 | Vaults:4 | Identified the cursed +1 war axe of Arrival {antimagic, *Rage rElec Str+2 SInv} (You took it off an orc warrior on level 4 of the Vaults)
 45227 | Vaults:4 | Reached skill level 5 in Ice Magic
 46129 | Vaults:5 | Entered Level 5 of the Vaults
 46197 | Vaults:5 | Reached skill level 15 in Shields
 46314 | Vaults:5 | Noticed a golden dragon
 46325 | Vaults:5 | Killed a golden dragon
 46360 | Vaults:5 | Noticed toastedzergling's ghost (veteran GrBe)
 46408 | Vaults:5 | Reached XP level 21. HP: 131/204 MP: 4/28
 46457 | Vaults:5 | Killed toastedzergling's ghost
 46580 | Vaults:5 | Got a warped amber ring
 46581 | Vaults:5 | Identified the ring "Cumnigg" {MR+ Int+2 Dex+7} (You found it on level 5 of the Vaults)
 46702 | Vaults:5 | Identified Futaph's Collected Works on Self-Improvement and Unholy Arts
 46801 | Vaults:5 | Noticed a golden dragon
 46940 | Vaults:5 | Killed a golden dragon
 46999 | Vaults:5 | Got a silver rune of Zot
 47088 | Vaults:5 | Noticed a golden dragon
 47120 | Vaults:5 | Killed a golden dragon
 47371 | Vaults:5 | Noticed a golden dragon
 47399 | Vaults:5 | Killed a golden dragon
 47464 | Vaults:5 | Reached skill level 21 in Axes
 47551 | Vaults:5 | Identified the Tome of the Traveller and Darkness
 47558 | Vaults:5 | Learned a level 3 spell: Recall
 47680 | Vaults:5 | Reached skill level 10 in Armour
 47824 | Vaults:5 | Noticed a golden dragon
 47843 | Vaults:5 | Killed a golden dragon
 48702 | Vaults:1 | Upgraded the game from 0.19.0-2-gae57169 to 0.19.0-9-gfd783f2
 48969 | Depths:1 | Entered Level 1 of the Depths
 49201 | Orc:2    | Bought a book of Death for 980 gold pieces
 49289 | Lair:1   | Learned a level 5 spell: Dispel Undead
 49295 | Lair:1   | Learned a level 5 spell: Agony
 49603 | Depths:1 | Reached skill level 10 in Necromancy
 49642 | Depths:1 | Reached XP level 22. HP: 206/213 MP: 28/28
 49667 | Depths:1 | Noticed Jorgrun
 49678 | Depths:1 | Killed Jorgrun
 50248 | Depths:1 | Found a gateway to Hell.
 50433 | Depths:2 | Found a stormy altar of Qazlal.
 50777 | Depths:2 | Noticed a juggernaut
 50827 | Depths:2 | Noticed a golden dragon
 51113 | Depths:2 | Got a warped war axe {venom}
 51145 | Depths:2 | Found a glowing silver altar of Zin.
 51187 | Depths:2 | Killed a golden dragon
 51222 | Depths:2 | Killed a juggernaut
 51320 | Depths:2 | Found a bloodstained altar of Trog.
 51440 | Depths:2 | Identified the +1 war axe of Moderation {venom, rPois rC+ Stlth+} (You took it off a skeletal warrior on level 2 of the Depths)
 51565 | Depths:2 | Found a radiant altar of Vehumet.
 51565 | Depths:2 | Found a one-way gate leading to the halls of Pandemonium.
 52272 | Depths:3 | Reached skill level 15 in Fighting
 52336 | Depths:3 | Noticed Bai Suzhen
 52353 | Depths:3 | Reached XP level 23. HP: 221/223 MP: 29/29
 52389 | Depths:3 | Killed Bai Suzhen
 52411 | Depths:3 | Reached skill level 5 in Translocations
 52466 | Depths:3 | Found Pacushra's Gadget Shop.
 52471 | Depths:3 | Found Hayset's General Store.
 52596 | Depths:3 | Noticed a juggernaut
 52647 | Depths:3 | HP: 10/223 [juggernaut (illusionary) (30)]
 52674 | Depths:3 | Killed from afar by a frost giant

Skill      XL: |  1  2  3  4  5  6  7  8  9 10 11 12 13 14 15 16 17 18 19 20 21 22 23 |
---------------+----------------------------------------------------------------------+-----
Axes           | 1 2 4 5 6 9 11 14 17 19 20 21 | 21.0
Necromancy     | 5 9 10 14 | 14.2
Evocations     | 2 3 5 7 8 9 |  9.4
Armour         | 1 3 6 8 12 14 | 14.2
Fighting       | 3 4 6 7 9 10 12 14 15 | 15.0
Dodging        | 3 7 9 12 14 | 14.8
Invocations    | 1 7 8 11 | 11.6
Shields        | 2 7 8 12 16 17 | 17.7
Translocations | 4 6 |  6.0
Charms         | 3 4 5 7 |  7.2
Air Magic      | 3 4 |  4.0
Spellcasting   | 2 4 5 6 8 9 |  9.0
Ice Magic      | 3 6 |  6.2
Throwing       | 3 |  3.0
Stealth        | |  2.6

Action                   |  1- 3 |  4- 6 |  7- 9 | 10-12 | 13-15 | 16-18 | 19-21 | 22-24 || total
-------------------------+-------+-------+-------+-------+-------+-------+-------+-------++-------
Melee: Unarmed           |     1 |       |       |       |       |       |       |       ||     1
       Hand axe          |    20 |    66 |       |       |       |       |       |       ||    86
       Club              |     2 |       |       |       |       |       |       |       ||     2
       Whip              |       |     1 |       |       |       |       |       |       ||     1
       War axe           |       |    35 |   212 |   748 |  1399 |   484 |       |       ||  2878
       Broad axe         |       |       |       |       |    69 |  1647 |  2034 |   959 ||  4709
       Executioner's axe |       |       |       |       |    49 |       |       |       ||    49
       Kick              |       |       |       |       |       |       |    38 |   432 ||   470
Throw: Stone             |     7 |    13 |    32 |    52 |    17 |       |       |       ||   121
       Tomahawk          |       |       |       |       |    39 |     4 |       |       ||    43
       Javelin           |       |       |       |       |       |    14 |     4 |     1 ||    19
 Cast: Pain              |    58 |    52 |     3 |       |    10 |    15 |       |       ||   138
       Animate Skeleton  |     9 |    15 |    13 |    50 |   157 |    25 |    28 |     9 ||   306
       Vampiric Draining |       |    25 |    86 |   182 |   245 |    41 |       |       ||   579
       Repel Missiles    |       |       |       |     1 |     2 |     4 |     4 |       ||    11
       Animate Dead      |       |       |       |       |    13 |    91 |    81 |    22 ||   207
       Control Undead    |       |       |       |       |       |     2 |     1 |       ||     3
       Ozocubu's Armour  |       |       |       |       |       |     2 |    19 |       ||    21
       Apportation       |       |       |       |       |       |       |       |     7 ||     7
       Blink             |       |       |       |       |       |       |       |     2 ||     2
       Dispel Undead     |       |       |       |       |       |       |       |     1 ||     1
       Agony             |       |       |       |       |       |       |       |     1 ||     1
Invok: Lesser Servant of |       |       |       |     2 |       |       |       |       ||     2
       Greater Servant o |       |       |       |       |       |     6 |     6 |     3 ||    15
 Abil: Device Recharging |       |       |       |     1 |     1 |     4 |     1 |       ||     7
       Evoke Flight      |       |       |       |       |       |    34 |       |       ||    34
Evoke: Wand              |       |     2 |     2 |    15 |    44 |    26 |    11 |     1 ||   101
  Use: Scroll            |     1 |     5 |     7 |    11 |    19 |    27 |     8 |     7 ||    85
       Potion            |       |       |       |     4 |     8 |    12 |    13 |     3 ||    40
 Stab: Sleeping          |     2 |     1 |       |     9 |     7 |     5 |     6 |       ||    30
       Distracted        |       |       |     2 |     9 |     9 |    39 |    46 |    14 ||   119
       Held in net/web   |       |       |       |     2 |       |       |       |       ||     2
  Eat: Chunk             |     4 |    14 |    21 |    43 |    65 |    36 |    24 |     7 ||   214
       Beef jerky        |       |       |     3 |     3 |     1 |     2 |       |     2 ||    11
       Pizza             |       |       |     1 |     1 |       |     1 |     2 |     2 ||     7
       Royal jelly       |       |       |       |     2 |     1 |     1 |       |       ||     4
       Fruit             |       |       |       |     2 |     3 |     3 |       |       ||     8
       Meat ration       |       |       |       |       |       |     1 |       |       ||     1
       Bread ration      |       |       |       |       |       |     4 |     2 |     2 ||     8
Armor: Robe              |     2 |       |       |       |       |       |       |       ||     2
       Leather armour    |     2 |    13 |    25 |    73 |   106 |   221 |   158 |       ||   598
       Swamp dragon scal |       |       |       |       |    81 |   161 |       |       ||   242
       Fire dragon scale |       |       |       |       |       |       |   231 |       ||   231
       Chain mail        |       |       |       |       |       |       |    29 |   748 ||   777
Dodge: Dodged            |    24 |   155 |   278 |   677 |  1363 |  1890 |  1516 |  1171 ||  7074
       Deflected         |       |       |       |     5 |     9 |    39 |    22 |       ||    75
Block: Shield            |       |     2 |       |       |       |       |   822 |  1230 ||  2054
       Buckler           |       |       |       |   228 |   602 |   757 |   277 |       ||  1864
